Map: Backwater LE

Players

SimpleDNO

  • Race: Protoss Protoss
  • League: Platinum
  • Spawn Location: 5:00

axu - Winner!

  • Race: Protoss Protoss
  • Spawn Location: 11:00

VOD

Have the link to the VOD?

Description

Time

  • Played on: Feb. 23, 2018, 12:44 p.m.
  • Length: 12:53
Show
View Real Time Build Order
Export as new Build Order

SimpleDNO Protoss 

Build Orders: Nexus First 

Get SALT Encoding   

  12  0:01  Probe  
  13  0:13  Probe  
  14  0:25  Probe  
  14  0:27  Pylon  
  15  0:46  Probe  
  16  0:59  Nexus  
  16  1:13  Gateway  
  16  1:14  Probe  
  17  1:21  Assimilator  
  17  1:26  Probe  
  18  1:41  Gateway  
  18  1:44  Probe  
  19  1:56  Probe  
  20  2:02  Cybernetics Core  
  20  2:23  Probe x2  
  22  2:35  Probe  
  23  2:38  Stalker x2 (Chrono Boost)  
  23  2:39  Warp Gate (Chrono Boost)  
  27  2:48  Probe x2  
  29  2:54  Assimilator  
  29  3:00  Probe x2  
  29  3:05  Stalker (Chrono Boost), Zealot (Chrono Boost)  
  35  3:15  Pylon  
  35  3:18  Probe (Chrono Boost)  
  36  3:28  Probe (Chrono Boost)  
  36  3:33  Stalker x2, Probe (Chrono Boost)  
  41  3:37  Pylon  
  42  3:45  Shield Battery  
  42  3:52  Robotics Facility  
  42  4:16  Probe x2  
  44  4:28  Probe  
  44  4:29  Probe  
  44  4:30  Gateway  
  46  4:35  Gateway  
  46  4:39  Immortal (Chrono Boost)  
  46  4:40  Probe  
  46  4:41  Probe  
  52  4:46  Assimilator  
  52  4:50  Assimilator  
  52  4:51  Stalker  
  54  4:57  Pylon  
  54  4:59  Pylon  
  54  5:07  Pylon  
  54  5:10  Pylon  
  54  5:11  Pylon  
  54  5:15  Probe x2  
  60  5:27  Probe x2  
  62  5:32  Stalker x3  
  68  5:39  Probe x2  
  66  5:43  Observer (Chrono Boost)  
  53  6:07  Probe x2  
  53  6:11  Stalker x4  
  50  6:16  Observer (Chrono Boost)  
  53  6:19  Probe x2  
  54  6:31  Probe  
  54  6:32  Probe  
  50  6:43  Probe  
  50  6:44  Probe  
  52  6:52  Stalker x3  
  58  6:56  Probe (Chrono Boost)  
  58  6:57  Probe (Chrono Boost)  
  60  7:07  Probe (Chrono Boost)  
  60  7:08  Probe (Chrono Boost)  
  62  7:12  Probe x2 (Chrono Boost)  
  64  7:18  Stalker x2  
  64  7:22  Probe x2  
  44  8:19  Stalker x3  
  46  8:20  Stalker, Probe x2  
  40  8:32  Probe  
  40  8:33  Probe  
  40  8:42  Stalker  
  40  8:43  Stalker x2  
  40  8:44  Zealot, Probe  
  40  8:45  Probe  
  50  8:49  Immortal (Chrono Boost)  
  54  8:59  Zealot x2  
  54  9:00  Zealot x2  
  54  9:01  Probe x2  
  64  9:22  Immortal (Chrono Boost)  
  64  9:26  Stalker  
  70  9:46  Nexus  
  70  9:48  Pylon  
  70  9:53  Sentry x2  
  70  9:54  Sentry  
  76  10:04  Immortal (Chrono Boost)  
  80  10:12  Pylon  
  80  10:23  Probe x2  
  82  10:32  Observer  
  82  10:34  Immortal (Chrono Boost)  
  82  10:35  Probe x2  
  84  10:36  Pylon  
  84  10:41  Stalker  
  90  10:48  Stalker  
  92  11:07  Probe x2  
  92  11:08  Probe  
  95  11:14  Immortal (Chrono Boost)  
  99  11:19  Probe  
  99  11:20  Probe x2  
  54  11:33  Stalker x4  
  54  11:35  Probe  
  63  11:47  Shield Battery  
  63  11:50  Immortal (Chrono Boost)  
  67  11:54  Observer  
  67  11:59  Stalker x3  
  73  12:19  Immortal (Chrono Boost)  
  73  12:20  Stalker  
  79  12:27  Stalker  
Show
View Real Time Build Order
Export as new Build Order

axu Protoss - Winner!

Build Orders: 1 Gate Expand, Dark Templar Rush 

Get SALT Encoding   

  12  0:01  Probe  
  13  0:13  Probe  
  14  0:23  Pylon  
  14  0:25  Probe  
  15  0:33  Assimilator  
  15  0:41  Probe  
  16  0:48  Gateway  
  16  0:52  Assimilator  
  16  0:54  Probe  
  17  1:06  Probe  
  18  1:18  Probe  
  19  1:42  Nexus  
  19  1:49  Cybernetics Core  
  19  1:58  Probe  
  20  2:11  Probe  
  20  2:12  Assimilator  
  20  2:23  Probe  
  21  2:31  Warp Gate (Chrono Boost)  
  21  2:32  Twilight Council  
  21  2:42  Adept  
  23  2:54  Probe  
  23  2:56  Pylon  
  24  3:02  Probe  
  25  3:06  Probe  
  26  3:14  Probe  
  26  3:15  Dark Shrine  
  26  3:18  Probe  
  26  3:19  Adept  
  30  3:34  Probe x2  
  32  3:44  Pylon  
  32  3:46  Probe x2  
  34  3:58  Probe x2  
  36  4:06  Gateway  
  36  4:11  Gateway  
  36  4:15  Gateway  
  34  4:17  Gateway  
  34  4:32  Probe  
  34  4:35  Pylon  
  34  4:36  Probe  
  34  4:38  Pylon  
  36  4:40  Assimilator  
  36  4:43  Assimilator  
  36  4:44  Probe  
  37  4:48  Probe  
  38  4:55  Robotics Facility  
  38  4:56  Probe  
  39  5:00  Probe  
  40  5:08  Probe  
  40  5:14  Dark Templar x4  
  43  5:19  Probe  
  43  5:20  Probe  
  51  5:31  Probe  
  51  5:33  Probe  
  51  5:48  Probe  
  51  5:49  Probe  
  53  5:56  Pylon  
  53  5:58  Pylon  
  53  6:00  Probe  
  50  6:20  Probe x2  
  52  6:27  Immortal (Chrono Boost)  
  52  6:32  Probe x2  
  58  6:37  Pylon  
  58  6:45  Charge (Chrono Boost)  
  56  6:48  Zealot  
  56  6:49  Zealot x4  
  56  6:52  Nexus  
  64  6:54  Pylon  
  64  6:56  Pylon  
  64  6:57  Immortal (Chrono Boost)  
  64  7:00  Pylon, Forge  
  68  7:02  Forge  
  68  7:07  Robotics Facility  
  68  7:13  Zealot x3  
  68  7:14  Zealot x2  
  78  7:18  Probe x2  
  84  7:30  Probe x2  
  84  7:34  Immortal (Chrono Boost)  
  84  7:36  Gateway  
  78  7:47  Zealot x3  
  78  7:48  Zealot x2  
  74  7:55  Immortal (Chrono Boost)  
  62  8:09  Zealot  
  62  8:10  Zealot x4  
  63  8:17  Probe x2  
  61  8:26  Observer (Chrono Boost)  
  54  8:29  Probe x2  
  56  8:41  Immortal (Chrono Boost)  
  56  8:45  Probe  
  56  8:46  Probe x2  
  63  8:58  Probe x2  
  63  9:01  Dark Templar x3  
  63  9:02  Dark Templar  
  73  9:06  Dark Templar  
  73  9:09  Dark Templar  
  77  9:11  Probe  
  77  9:13  Probe  
  79  9:18  Protoss Ground Weapons Level 1 (Chrono Boost)  
  79  9:21  Protoss Ground Armor Level 1 (Chrono Boost)  
  79  9:22  Assimilator  
  79  9:26  Assimilator  
  79  9:33  Probe x3  
  82  9:41  Zealot x2  
  82  9:45  Probe x2  
  88  9:47  Resonating Glaives  
  88  9:50  Adept x2  
  88  9:51  Adept  
  94  9:53  Adept  
  96  10:03  Gateway x2  
  96  10:20  Immortal (Chrono Boost)  
  104  10:21  Immortal (Chrono Boost)  
  104  10:22  Zealot x3  
  104  10:25  Zealot  
  112  10:44  Sentry x3  
  117  10:56  Warp Prism (Chrono Boost)  
  119  11:09  Probe x3  
  122  11:21  Probe  
  122  11:23  Nexus  
  119  11:31  Zealot x3  
  119  11:32  Zealot  
  125  11:43  Pylon  
  125  11:45  Pylon  
  125  11:47  Pylon  
  125  11:56  Pylon  
  125  11:57  Pylon  
  125  12:01  Immortal x2  
  133  12:19  Zealot x2  
  133  12:20  Zealot x4  
  133  12:21  Zealot x2  
Tags
 
Add a new tag
Caveats
  • Supply blocks, unpowered buildings, or Contaminate may cause inaccurate times.
  • Supply counts are checked every 10 seconds.